 Dungeon Crawl Stone Soup version 0.21-a0-509-gecc5317 (webtiles) character file.

316 DogShitOnMyToe the Slasher (level 6, -2/47 HPs)
             Began as a Demonspawn Abyssal Knight on Nov 29, 2017.
             Was a Priest of Lugonu.
             Slain by a killer bee (8 damage)
             ... on level 4 of the Dungeon.
             The game lasted 00:11:08 (3875 turns).

DogShitOnMyToe the Slasher (DsAK)                   Turns: 3875, Time: 00:11:10

Health: -2/47      AC:  3    Str: 14 (15) XL:     6   Next: 20%
Magic:  9/9        EV: 11    Int: 16 (18) God:    Lugonu [***...]
Gold:   151        SH:  4    Dex: 10 (12) Spells: 5/5 levels left

rFire    . . .     SeeInvis .   a - +1 falchion
rCold    . . .     Gourm    .   f - +0 buckler
rNeg     . . .     Faith    +   b - +0 leather armour
rPois    .         Spirit   .   (no helmet)
rElec    .         Reflect  .   (no cloak)
rCorr    .         Harm     .   (no gloves)
MR       .....                  (no boots)
Stlth    +.........             d - amulet of faith
HPRegen  0.15/turn              (no ring)
MPRegen  0.11/turn              (no ring)

@: brilliant, lethally poisoned (-2 -> -16), flying
A: rot immunity, sturdy frame 1
a: Depart the Abyss, Bend Space, Banish, Renounce Religion


You were on level 4 of the Dungeon.
You worshipped Lugonu.
Lugonu was most pleased with you.
You were not hungry.

You visited 1 branch of the dungeon, and saw 4 of its levels.
You visited the Abyss 1 time.

You collected 151 gold pieces.

Inventory:

Hand Weapons
 a - a +1 falchion (weapon)
Missiles
 r - 45 stones (quivered)
Armour
 b - a +0 leather armour (worn)
 f - a +0 buckler (worn)
Jewellery
 d - an amulet of faith (around neck)
 j - a cursed -2 ring of dexterity {unknown}
 w - an uncursed ring of flight {unknown}
Scrolls
 e - 3 scrolls of teleportation {unknown}
 g - 2 scrolls of remove curse {unknown}
 k - a scroll of enchant armour {unknown}
 l - a scroll of magic mapping {unknown}
 m - 6 scrolls of identify {unknown}
 n - a scroll of amnesia {unknown}
 o - a scroll of fog {unknown}
 p - a scroll of immolation {unknown}
 s - 2 scrolls of blinking {unknown}
Potions
 i - a potion of heal wounds
Comestibles
 c - 5 bread rations
 h - a meat ration
 q - 3 chunks of flesh
 u - 2 royal jellies


   Skills:
 - Level 3.0 Fighting
 * Level 5.0 Long Blades
 - Level 1.7 Armour
 - Level 0.8 Dodging
 + Level 2.0 Shields
 + Level 4.0 Invocations


You had 5 spell levels left.
You didn't know any spells.

Dungeon Overview and Level Annotations

Branches:
Dungeon (4/15)
 Temple: D:4-7

Altars:
Vehumet
The Shining One


Innate Abilities, Weirdness & Mutations

You are immune to rotting.
Your movements are slightly less encumbered by armour. (ER -2)


Message History

* * * LOW HITPOINT WARNING * * *
You are lethally poisoned!
The killer bee poisons you!
You barely miss the killer bee.
The killer bee is moderately wounded.
* * * LOW HITPOINT WARNING * * *
You feel sick. The killer bee closely misses you.
You riposte.
You barely miss the killer bee.
The killer bee is moderately wounded.
The killer bee barely misses you.
You riposte.
You barely miss the killer bee.
The killer bee is moderately wounded.
Okay, then.
Okay, then.
You miss the killer bee.
The killer bee is moderately wounded.
* * * LOW HITPOINT WARNING * * *
You feel sick. The killer bee stings you!
* * * LOW HITPOINT WARNING * * *
The killer bee stings you!
You die...

####.##.####.#
.............#
...#.##.######
#......#
####.#.# #.#†#
..#.# ####y#
#@# #.# #.#
#.# #.# ..#
###


You could see a killer bee.

Vanquished Creatures
  An ice beast (D:3)
  A crimson imp (D:3)
  An orc wizard (D:3)
  7 adders
  An ooze (D:3)
  An adder skeleton (D:3)
  A worm (D:3)
  A dart slug (D:1)
  3 leopard geckos
  7 orcs (D:3)
  10 bats
  6 giant cockroaches
  8 hobgoblins
  A ball python (D:3)
  7 frilled lizards
  6 goblins
  12 kobolds
  8 rats
82 creatures vanquished.

Notes
Turn   | Place    | Note
-------+----------+-------------------------------------------
     0 | Abyss:1  | DogShitOnMyToe the Demonspawn Abyssal Knight began the quest for the Orb.
     0 | Abyss:1  | Reached XP level 1. HP: 18/18 MP: 2/2
    52 | Abyss:1  | Noticed an Executioner
    64 | Abyss:1  | Noticed a neqoxec
    66 | D:1      | Escaped the Abyss
    77 | D:1      | Reached skill level 2 in Long Blades
   197 | D:1      | Reached * piety under Lugonu
   197 | D:1      | Gained mutation: You are immune to rotting. [demonic ancestry]
   197 | D:1      | Reached XP level 2. HP: 16/24 MP: 3/3
   386 | D:1      | Reached skill level 3 in Long Blades
   507 | D:1      | Reached XP level 3. HP: 19/29 MP: 4/4
   765 | D:2      | Reached ** piety under Lugonu
   766 | D:2      | HP: 13/29 [hobgoblin (4)]
   771 | D:2      | HP: 8/29 [kobold/dagger (1)]
   841 | D:2      | HP: 11/29 [frilled lizard (2)]
  1187 | D:2      | Found a glowing golden altar of the Shining One.
  1376 | D:2      | HP: 14/29 [poisoned by an adder]
  1381 | D:2      | HP: 10/29 [poisoned by an adder]
  1389 | D:2      | HP: 7/29 [poisoned by an adder]
  1397 | D:2      | HP: 6/29 [poisoned by an adder]
  1721 | D:3      | HP: 13/29 [leopard gecko (4)]
  1734 | D:2      | HP: 7/29 [leopard gecko (3)]
  1735 | D:2      | HP: 3/29 [leopard gecko (4)]
  1739 | D:2      | Reached XP level 4. HP: 35/35 MP: 5/5
  1772 | D:3      | HP: 15/35 [adder (4)]
  1778 | D:3      | HP: 9/35 [poisoned by an adder]
  1782 | D:3      | Reached skill level 4 in Long Blades
  1782 | D:3      | Reached skill level 1 in Shields
  1782 | D:3      | Reached skill level 3 in Invocations
  1785 | D:3      | HP: 5/35 [poisoned by an adder]
  1793 | D:3      | HP: 3/35 [poisoned by an adder]
  2328 | D:3      | Reached XP level 5. HP: 22/41 MP: 7/7
  2330 | D:3      | HP: 19/41 [adder (3)]
  2335 | D:3      | HP: 13/41 [adder (2)]
  2341 | D:3      | HP: 10/41 [poisoned by an adder]
  2347 | D:3      | HP: 9/41 [poisoned by an adder]
  2355 | D:3      | HP: 8/41 [poisoned by an adder]
  2745 | D:3      | HP: 15/41 [orc/trident (6)]
  2882 | D:3      | Reached *** piety under Lugonu
  3012 | D:3      | HP: 19/41 [orc wizard/magic dart (8)]
  3017 | D:3      | HP: 11/41 [orc wizard/dagger (3)]
  3421 | D:3      | Noticed an ice beast
  3440 | D:3      | Found a radiant altar of Vehumet.
  3472 | D:3      | Killed an ice beast
  3472 | D:3      | Reached skill level 2 in Shields
  3472 | D:3      | Reached skill level 4 in Invocations
  3472 | D:3      | Gained mutation: Your movements are slightly less encumbered by armour. (ER -2) [demonic ancestry]
  3472 | D:3      | Reached XP level 6. HP: 47/47 MP: 7/9
  3556 | D:3      | Reached skill level 5 in Long Blades
  3866 | D:4      | HP: 22/47 [killer bee (4)]
  3868 | D:4      | HP: 10/47 [killer bee (2)]
  3873 | D:4      | HP: 16/47 [poisoned by a killer bee]
  3875 | D:4      | HP: 6/47 [killer bee (7)]
  3875 | D:4      | Slain by a killer bee

Vault maps used:
D:1:      dpeg_arrival_pits
D:2:      nicolae_tso_carved_into_rock
D:3:      lemuel_round_altar, first_bread
D:4:      nicolae_ossuary_entry_monument, uniq_eustachio, uniq_duvessa

Skill      XL: |  1  2  3  4  5  6 |
---------------+-------------------+-----
Long Blades    | 2 3 4 5 |  5.0
Shields        | 1 2 |  2.0
Invocations    | 3 4 |  4.0
Fighting       | |  3.0
Armour         | |  1.7
Dodging        | |  0.8

Action                   |  1- 3 |  4- 6 || total
-------------------------+-------+-------++-------
Melee: Falchion          |   134 |   178 ||   312
Invok: Depart the Abyss  |     1 |       ||     1
  Use: Potion            |     1 |     5 ||     6
  Eat: Chunk             |     1 |     9 ||    10
Armor: Leather armour    |    39 |    49 ||    88
       Skin              |       |    14 ||    14
Dodge: Dodged            |    72 |    88 ||   160
Block: Buckler           |     8 |    27 ||    35
       Rpst.: Falchion   |    26 |    28 ||    54

Table legend:
 A = Spawn XP
 B = Non-spawn XP
 C = Spawn XP percentage of total XP
 D = Spawn monster count
 E = Non-spawn monster count
 F = Spawn count percentage of total count
 G = Total turns spent on level
                    A         B        C        D         E        F      G
               +---------+---------+-------+---------+---------+-------+---------
         Total |       0 |     452 |   0.0 |       0 |      82 |   0.0 |  3875
               +---------+---------+-------+---------+---------+-------+---------
           D:1 |       0 |      51 |   0.0 |       0 |      31 |   0.0 |   661
           D:2 |       0 |      47 |   0.0 |       0 |      15 |   0.0 |  1557
           D:3 |       0 |     353 |   0.0 |       0 |      35 |   0.0 |  1529
           D:4 |       0 |       1 |   0.0 |       0 |       1 |   0.0 |    62
               +---------+---------+-------+---------+---------+-------+---------
